 Dungeon Crawl Stone Soup version 0.28-a0-1114-g8eb0198dcf (webtiles) character file.

Game seed: 17392275339343284767

12924 Peloso the Blocker (level 11, -3/99 HPs)
             Began as a Minotaur Fighter on Dec 11, 2021.
             Was the Champion of Okawaru.
             Slain by a harpy simulacrum (5 damage)
             ... in an ice cave.
             The game lasted 00:18:31 (13651 turns).

Peloso the Blocker (Minotaur Fighter)              Turns: 13651, Time: 00:18:31

Health: -3/99      AC: 14    Str: 23    XL:     11   Next: 68%
Magic:  11/11      EV: 11    Int:  5    God:    Okawaru [******]
Gold:   633        SH: 12    Dex: 12    Spells: 10/10 levels left

rFire   x . .      SeeInvis .   a - +3 scimitar (flame)
rCold   + + +      Faith    .   c - +0 buckler
rNeg    . . .      Spirit   .   K - +2 scale mail {rC+}
rPois   .          Reflect  +   (helmet restricted)
rElec   .          Harm     .   (no cloak)
rCorr   .          Rampage  .   (no gloves)
Will    .....                   C - +2 pair of boots
Stlth   ..........              f - amulet of reflection
HPRegen 0.26/turn               y - ring of protection from cold
MPRegen 0.12/turn               q - ring of ice

@: attractive, studying Shields
A: horns 2, retaliatory headbutt
a: Renounce Religion, Heroism, Finesse, Duel


You were in an ice cave.
You worshipped Okawaru.
Okawaru was exalted by your worship.
You visited 2 branches of the dungeon, and saw 12 of its levels.
You also visited: Ice Cave.

You collected 633 gold pieces.

Inventory:

Hand Weapons
 a - a +3 scimitar of flaming (weapon)
 b - a +4 long sword of freezing
Missiles
 D - a throwing net (quivered)
Armour
 c - a +0 buckler (worn)
 p - a +0 chain mail
 C - a +2 pair of boots (worn)
 I - a +0 plate armour
 K - a +2 scale mail of cold resistance (worn)
Jewellery
 f - an amulet of reflection (around neck)
 q - a ring of ice (right hand)
 y - a ring of protection from cold (left hand)
 B - a ring of willpower
Wands
 n - a wand of flame (25)
 o - a wand of acid (3)
 v - a wand of iceblast (26)
 x - a wand of polymorph (8)
 G - a wand of digging (2)
Scrolls
 e - a scroll of identify
 h - 2 scrolls of noise
 i - a scroll of magic mapping
 l - 8 scrolls of teleportation
 m - 4 scrolls of blinking
 s - a scroll of fear
 u - a scroll of immolation {unknown}
 w - 2 scrolls of enchant weapon
 H - 2 scrolls of amnesia {unknown}
 J - a scroll of torment {unknown}
Potions
 d - 3 potions of might
 g - 4 potions of haste
 j - 3 potions of attraction
 k - 3 potions of curing {unknown}
 r - a potion of invisibility
 t - 3 potions of heal wounds {unknown}
 z - 2 potions of magic {unknown}
 A - 3 potions of lignification {unknown}
 E - a potion of cancellation {unknown}
 F - a potion of resistance {unknown}


   Skills:
 + Level 9.8 Fighting
 + Level 13.2 Long Blades
 + Level 11.6 Armour
 + Level 4.1 Dodging
 + Level 1.4 Stealth
 + Level 14.1 Shields
 + Level 1.4 Invocations
 + Level 0.3 Evocations


You had 10 spell levels left.
You didn't know any spells.
Your spell library contained the following spells:

 Spells                   Type           Power      Damage    Failure   Level
 Ensorcelled Hibernation  Hex/Ice        0%         N/A       86%         2
 Freezing Cloud           Conj/Ice/Air   0%         6-21      100%        5
 Polar Vortex             Ice            0%         N/A       100%        9
 Simulacrum               Ice/Necr       Unusable   N/A       N/A         6

Dungeon Overview and Level Annotations

Branches:
Dungeon (11/15)            Temple (1/1) D:4            Lair (0/6) D:10
    Orc (0/2) D:9           IceCv (1/1)

Altars:
Ashenzari
Cheibriados
Dithmenos
Gozag
Hepliaklqana
Kikubaaqudgha
Makhleb
Nemelex Xobeh
Okawaru
Qazlal
Ru
Sif Muna
Trog
Uskayaw
Vehumet
Wu Jian
Xom
Yredelemnul
Zin
The Shining One

Shops:
D:10 *

Annotations:
D:4 2 transporters, drwowa's ghost, amateur TrMo
D:10 3 runed translucent doors, exclusion: obsidian statue, Majang's ghost, novice KoBr


Innate Abilities, Weirdness & Mutations

You have a pair of horns on your head.
You reflexively headbutt those who attack you in melee.


Message History

You slice the ice devil!! You burn the ice devil!
You headbutt the ice devil, but do no damage.
The ice devil is severely wounded.
The harpy simulacrum claws you. The harpy simulacrum freezes you. You resist.
The harpy simulacrum claws you. The harpy simulacrum freezes you. You resist.
The harpy simulacrum claws you. The harpy simulacrum freezes you. You resist.
You block the harpy simulacrum's attack.
You block the ice devil's attack.
You block the harpy simulacrum's attack.
The harpy simulacrum claws you but does no damage.
The harpy simulacrum claws you. The harpy simulacrum freezes you. You resist.
* * * LOW HITPOINT WARNING * * *
The harpy simulacrum barely misses you. The ice devil misses you.
The ice devil barely misses you. You furiously retaliate!
You headbutt the ice devil, but do no damage.
The harpy simulacrum claws you!
* * * LOW HITPOINT WARNING * * *
The harpy simulacrum freezes you. You resist.
* * * LOW HITPOINT WARNING * * *
You block the harpy simulacrum's attack.
You block the ice devil's attack.
Unknown command.
You slash the ice devil! You burn the ice devil!
You kill the ice devil!
Okawaru accepts your kill.
The harpy simulacrum claws you but does no damage.
The harpy simulacrum barely misses you. x2; The harpy simulacrum claws you.
* * * LOW HITPOINT WARNING * * *
The harpy simulacrum freezes you. You resist.
* * * LOW HITPOINT WARNING * * *
Your Shields skill increases to level 14!
It was a potion of attraction.
You feel attractive to monsters. The harpy simulacrum claws you!
* * * LOW HITPOINT WARNING * * *
The harpy simulacrum freezes you. You resist.
* * * LOW HITPOINT WARNING * * *
You block the harpy simulacrum's attack.
The harpy simulacrum claws you.
You die... ..ZZ #### ZZ.ZZ

#..##
.4....#...##
#.4..#..#
##...#..#
##.##Z.#
###.4##
##4Z######
#.@## #[.#
##..###?.#
##..#8..##
##......#
#......##
#.......##
#........#
##.......#
#.....##...#


You could see 2 ice devils, an elephant simulacrum and a harpy simulacrum.

Vanquished Creatures
  Erica (D:9)
  A two-headed ogre (D:8)
  A deep elf pyromancer (D:8)
  A cyclops (D:10)
  3 manticores
  Psyche (D:10)
  An entropy weaver simulacrum (IceCv)
  A troll (D:9)
  4 ice devils (IceCv)
  Grinder (D:6)
  A dire elephant simulacrum (IceCv)
  A vampire (D:8)
  12 yaks
  2 wyverns (D:5)
  A death yak simulacrum (IceCv)
  4 vampire mosquitoes (D:11)
  2 steam dragons
  A water moccasin (D:7)
  A hornet zombie (D:8)
  4 orc warriors
  4 sky beasts
  4 black bears (D:10)
  2 ice beasts (D:7)
  2 ogres
  4 centaurs
  A phantom (D:6)
  2 kobold brigands
  5 bullfrogs
  2 scorpions
  A cane toad simulacrum (IceCv)
  A two-headed ogre simulacrum (D:11)
  A wyvern skeleton (D:6)
  3 killer bees (D:10)
  8 wights
  5 howler monkeys
  3 vampire bats (D:6)
  4 centaur zombies
  A hound (D:4)
  2 bullfrog zombies
  2 jellies
  8 orc priests
  A centaur skeleton (D:5)
  Ijyb (D:4)
  4 iguanas
  11 orc wizards
  3 troll simulacra
  3 spriggan simulacra (D:11)
  2 wolf simulacra (IceCv)
  9 gnolls
  4 adders
  A howler monkey skeleton (D:5)
  A shadow imp (D:6)
  A white imp (D:5)
  An adder skeleton (D:4)
  5 dart slugs
  32 orcs
  7 bats
  4 bat skeletons (D:6)
  A bat zombie (D:6)
  8 endoplasms
  4 giant cockroaches
  10 goblins
  3 hobgoblins
  2 jackals (D:1)
  15 kobolds
  4 quokkas
  10 ball pythons
  3 frilled lizards
  2 rats (D:2)
261 creatures vanquished.

Vanquished Creatures (others)
  An orc wizard (D:7)
  3 fungi (D:10)
  8 plants (D:10)
12 creatures vanquished.

Grand Total: 273 creatures vanquished

Notes
Turn   | Place    | Note
-------+----------+-------------------------------------------
     0 | D:1      | Peloso the Minotaur Fighter began the quest for the Orb.
     0 | D:1      | Reached XP level 1. HP: 19/19 MP: 0/0
   153 | D:1      | Reached XP level 2. HP: 27/27 MP: 1/1
   242 | D:1      | Reached skill level 4 in Shields
   619 | D:1      | Reached XP level 3. HP: 33/33 MP: 2/2
  2059 | D:3      | Reached XP level 4. HP: 36/41 MP: 3/3
  2753 | D:3      | Found a faded altar of an unknown god.
  3031 | D:4      | Noticed Ijyb
  3042 | D:4      | Killed Ijyb
  3176 | D:4      | Found a transporter.
  3176 | D:4      | Noticed drwowa's ghost (amateur TrMo)
  3252 | D:4      | Reached XP level 5. HP: 43/47 MP: 4/4
  3298 | D:4      | Found a staircase to the Ecumenical Temple.
  3307 | Temple   | Entered the Ecumenical Temple
  3317 | Temple   | Became a worshipper of Warmaster Okawaru
  3363 | D:4      | Found a burning altar of Makhleb.
  3457 | D:4      | Found a broken altar of Ashenzari.
  3479 | D:3      | Reached skill level 5 in Shields
  3604 | D:4      | Reached skill level 1 in Dodging
  3611 | D:3      | Reached skill level 5 in Armour
  4061 | D:4      | Found a transporter.
  4406 | D:5      | Entered Level 5 of the Dungeon
  4447 | D:5      | Reached XP level 6. HP: 43/53 MP: 5/5
  4773 | D:5      | Reached skill level 5 in Long Blades
  4996 | D:5      | Noticed a wyvern
  5005 | D:5      | Killed a wyvern
  5005 | D:5      | Reached * piety under Okawaru
  5006 | D:5      | Reached skill level 5 in Fighting
  5006 | D:5      | Reached XP level 7. HP: 28/61 MP: 6/6
  5265 | D:5      | Noticed a wyvern
  5291 | D:5      | Killed a wyvern
  5292 | D:5      | Reached skill level 6 in Shields
  5937 | D:5      | Found a radiant altar of Vehumet.
  6044 | D:5      | Reached XP level 8. HP: 69/69 MP: 7/7
  6137 | D:5      | Found a glowing silver altar of Zin.
  6366 | D:6      | Noticed Grinder
  6380 | D:6      | Paralysed by Grinder for 2 turns
  6396 | D:6      | Killed Grinder
  6396 | D:6      | Reached ** piety under Okawaru
  6466 | D:6      | Found an ornate altar of the Wu Jian Council.
  6621 | D:6      | Reached skill level 7 in Shields
  6857 | D:6      | Reached skill level 1 in Stealth
  7178 | D:6      | Reached skill level 8 in Shields
  7347 | D:6      | Found a shimmering blue altar of Sif Muna.
  7379 | D:6      | Reached *** piety under Okawaru
  7380 | D:6      | Reached XP level 9. HP: 66/78 MP: 1/8
  7383 | D:6      | Got Sif Muna's Handbook of Ice
  7440 | D:6      | Found a bloodstained altar of Trog.
  7648 | D:6      | Found an ancient bone altar of Kikubaaqudgha.
  7879 | D:7      | Found a stormy altar of Qazlal.
  8025 | D:7      | Found a sacrificial altar of Ru.
  8257 | D:7      | Reached skill level 9 in Shields
  8524 | D:7      | Found a sparkling altar of Nemelex Xobeh.
  8811 | D:8      | Reached skill level 10 in Shields
  9436 | D:8      | Reached **** piety under Okawaru
  9551 | D:8      | Noticed a deep elf pyromancer
  9590 | D:8      | Reached skill level 10 in Long Blades
  9590 | D:8      | Reached XP level 10. HP: 78/88 MP: 9/9
  9594 | D:8      | Killed a deep elf pyromancer
  9595 | D:8      | Reached skill level 11 in Shields
  9660 | D:8      | Reached skill level 1 in Invocations
  9665 | D:8      | Noticed a two-headed ogre
  9680 | D:8      | Killed a two-headed ogre
 10117 | D:9      | Found a glowing golden altar of the Shining One.
 10152 | D:9      | Received a gift from Okawaru
 10256 | D:9      | Reached skill level 10 in Armour
 10266 | D:9      | Found a staircase to the Orcish Mines.
 10530 | D:9      | Reached skill level 12 in Shields
 10533 | D:9      | Reached ***** piety under Okawaru
 11147 | D:10     | Entered Level 10 of the Dungeon
 11147 | D:10     | Found a runed translucent gate.
 11147 | D:10     | Found a runed translucent gate.
 11147 | D:10     | Found a runed translucent gate.
 11147 | D:10     | Found an opulent altar of Gozag.
 11147 | D:10     | Found Poanepan's Assorted Antiques.
 11199 | D:10     | Noticed Erica
 11396 | D:9      | Killed Erica
 11397 | D:9      | Reached XP level 11. HP: 27/95 MP: 11/11
 11689 | D:10     | Noticed an obsidian statue
 11690 | D:10     | Noticed a deep elf pyromancer
 11690 | D:10     | Noticed a two-headed ogre
 11690 | D:10     | Noticed Majang's ghost (novice KoBr)
 11690 | D:10     | Noticed a centaur warrior
 11825 | D:10     | Noticed Psyche
 11830 | D:10     | Killed Psyche
 11843 | D:10     | Found an opulent altar of Gozag.
 12168 | D:10     | Found a staircase to the Lair.
 12415 | D:10     | Reached skill level 13 in Shields
 12671 | D:10     | Reached ****** piety under Okawaru
 12960 | D:11     | Identified the +5 great sword of Defenestration {vorpal,
                  | Str+4} (Okawaru gifted it to you on level 11 of the
                  | Dungeon)
 12960 | D:11     | Received a gift from Okawaru
 13059 | D:11     | Found a frozen archway.
 13089 | IceCv    | Entered an ice cave
 13625 | IceCv    | Found an ancient bone altar of Kikubaaqudgha.
 13651 | IceCv    | Reached skill level 14 in Shields
 13651 | IceCv    | HP: 4/99 [harpy simulacrum (9)]
 13651 | IceCv    | Slain by a harpy simulacrum

Illustrated notes

Levels and vault maps discovered:
D:1:      minmay_arrival_hallway, layout_basic
D:2:      layout_basic
D:3:      layout_basic, hellmonk_ecumenical_altar_leap_of_faith,
          wad_floor_pattern_2, minmay_vboxes
D:4:      layout_basic, ashenzari_conservatory_becter, lemuel_tele_altar,
          minmay_temple_entry_butterflies, gammafunk_ghost_mausoleum,
          minmay_manual_mullet, uniq_ijyb
D:5:      layout_basic, zin_statuary, nicolae_vehumet_altar_sigil,
          kennysheep_generic_room_4
D:6:      layout_basic, nzn_overflow_gifts_of_might_and_magic,
          nzn_wu_jian_contemplation, kennysheep_vampire_church, minivault_24,
          kennysheep_generic_room_7, uniq_grinder
D:7:      layout_cave_pods, kennysheep_mini_moat, lemuel_crystal_altar,
          nemelex_dance_club_becter
D:8:      layout_loops_ring, grunt_potential
D:9:      layout_loops_ring, tso_metal_star, orc_0_dummy,
          kennysheep_decorative_pillar, nicolae_figureground_pulse
D:10:     minmay_diamond_stairs, layout_long_grid, grunt_gozag_breadcrumbs,
          grunt_lair_entry_orc_guard_hut, ebering_ghost_gozag, uniq_erica,
          uniq_psyche
D:11:     layout_basic, portal_ice_cave_entry_ice_simulacra
Temple:   jpeg_temple_island
IceCv:    ice_cave_small_necro

Skill      XL: |  1  2  3  4  5  6  7  8  9 10 11 |
---------------+----------------------------------+-----
Fighting       | 4 5 6 8 9 |  9.8
Shields        | 4 5 6 8 10 12 14 | 14.1
Armour         | 4 5 6 8 9 10 11 | 11.6
Long Blades    | 3 4 5 6 8 10 12 13 | 13.2
Dodging        | 1 2 3 4 |  4.1
Stealth        | 1 |  1.4
Invocations    | 1 |  1.4
Evocations     | |  0.3

Action                   |  1- 3 |  4- 6 |  7- 9 | 10-12 || total
-------------------------+-------+-------+-------+-------++-------
Melee: Long sword        |    98 |   116 |   340 |    93 ||   647
       Headbutt          |    13 |    26 |    76 |    67 ||   182
       Scimitar          |       |       |    26 |   191 ||   217
Invok: Heroism           |       |       |     2 |     1 ||     3
Evoke: Wand              |       |       |     2 |       ||     2
  Use: Scroll            |       |     3 |       |     7 ||    10
       Potion            |       |       |       |     1 ||     1
Armor: Scale mail        |    48 |    32 |       |    14 ||    94
       Chain mail        |       |    17 |   162 |    82 ||   261
       Plate armour      |       |       |       |    33 ||    33
Dodge: Dodged            |    47 |    44 |   106 |   114 ||   311
Block: Buckler           |    56 |    68 |   185 |   195 ||   504
       Reflection        |     1 |     4 |     2 |     6 ||    13

Table legend: (Time is in decaauts)
 A = Elapsed time spent in this place.
 B = Non-inter-level travel time spent in this place.
 C = Inter-level travel time spent in this place.
 D = Time resting spent in this place.
 E = Time spent auto-exploring this place.
 F = Levels seen in this place.
 G = Mean time per level.
                   A        B        C        D        E       F      G
               +--------+--------+--------+--------+--------+-----+--------+
         Total |  13674 |  13402 |    272 |   1184 |   9761 |  13 | 1051.8 |
       Dungeon |  13103 |  12831 |    272 |    773 |   9699 |  11 | 1191.2 |
        Temple |     19 |     19 |      0 |      0 |      0 |   1 |   19.0 |
      Ice Cave |    551 |    551 |      0 |    411 |     62 |   1 |  551.0 |
               +--------+--------+--------+--------+--------+-----+--------+

Top non-repeatable levels by time:
     D:5: 1965 daAuts
     D:9: 1645 daAuts
     D:6: 1411 daAuts
     D:4: 1262 daAuts
    D:10: 1253 daAuts
     D:3: 1187 daAuts
     D:8: 1178 daAuts
     D:2: 1172 daAuts
     D:7: 1032 daAuts
     D:1: 837 daAuts
   IceCv: 551 daAuts
    D:11: 156 daAuts
  Temple: 19 daAuts
